 Dungeon Crawl Stone Soup version 0.17-a0-1793-gcbb3aa1 (webtiles) character file.

87093 ololoev the Impaler (level 15, -4/130 HPs)
             Began as a Green Draconian Skald on Sept 8, 2015.
             Was a High Priest of Nemelex Xobeh.
             Slain by an iron troll simulacrum (16 damage)
             ... in an ice cave on Sept 9, 2015.
             The game lasted 02:10:58 (29640 turns).

ololoev the Impaler (Green Draconian Skald)        Turns: 29640, Time: 02:11:03

Health: -4/130     AC: 19    Str: 15    XL:     15   Next: 42%
Magic:  25/25      EV: 27    Int: 15    God:    Nemelex Xobeh [*****.]
Gold:   864        SH:  0    Dex: 17    Spells: 7 memorised, 4 levels left

rFire  . . .     SeeInvis .     a - +8 trident of Bloody Death {flame, MR+++ Int+3}
rCold  . . .     Clarity  +     (armour unavailable)
rNeg   . . .     SustAt   .     (no shield)
rPois  +         Gourm    .     B - +1 hat
rElec  .         Spirit   .     L - +2 cloak {MR+}
rCorr  .         Warding  .     o - +2 pair of gloves
rMut   .         Stasis   .     e - +2 pair of boots {run}
MR     +++++                    I - amulet of clarity
Stlth  ++........               D - +4 ring of evasion
                                A - +5 ring of evasion

@: slowed, very slow, almost entirely resistant to hostile enchantments,
unstealthy
A: breathe noxious fumes, unfitting armour, stinger 1, poison resistance,
cold-blooded, AC +9
a: Breathe Noxious Fumes, Triple Draw, Deal Four, Stack Five, Renounce Religion


Innate Abilities, Weirdness & Mutations

You can breathe blasts of noxious fumes.
Your lurid green scales are hard (AC +9).
Your body does not fit into most forms of armour.
Your tail ends in a poisonous barb.
Your system is resistant to poisons.
You are cold-blooded and may be slowed by cold attacks.

Inventory:

Hand weapons
 a - the +8 trident of Bloody Death (weapon) {flame, MR+++ Int+3}
   (You bought it in a shop on level 8 of the Dungeon)

   It has been specially enchanted to burn those struck by it, causing extra
   injury to most foes and up to half again as much damage against particularly
   susceptible opponents.
   It affects your intelligence (+3).
   It affects your resistance to hostile enchantments.
Armour
 e - a +2 pair of boots of running (worn)
 i - a +2 shield
 o - a +2 pair of gloves (worn)
 B - a +1 hat (worn)
 L - a +2 cloak of magic resistance (worn)
Jewellery
 A - a +5 ring of evasion (left hand)
 D - a +4 ring of evasion (right hand)
 I - an amulet of clarity (around neck)
 K - an uncursed amulet of resist mutation
Magical devices
 j - a wand of fireball (11)
 t - a wand of cold (3)
 y - a wand of teleportation (3)
 z - a wand of draining (1)
 J - a wand of disintegration (11)
 R - a wand of cold (4)
Scrolls
 d - 2 scrolls of teleportation
 g - 13 scrolls of remove curse
 h - 2 scrolls of silence
 p - 2 scrolls of immolation
 u - 6 scrolls of recharging
 v - 2 scrolls of amnesia
 E - 2 scrolls of fog
 F - 4 scrolls of fear
 H - 2 scrolls of holy word
 M - a scroll of magic mapping
 W - a scroll of enchant armour
Potions
 b - 3 potions of curing
 f - 2 potions of resistance
 n - 2 potions of magic
 w - a potion of haste
 N - a potion of cancellation
 T - 2 potions of might
 Z - 3 potions of flight
Miscellaneous
 l - a plain deck of destruction {drawn: 3}
 q - a legendary deck of war {the Helm, left: 3}
 r - a plain deck of defence {the Tomb, left: 2}
 C - an ornate deck of escape {the Elixir, left: 5}
 P - a legendary deck of war {the Pentagram, left: 2}
 S - a legendary deck of escape {the Alchemist, left: 3}
 U - an ornate deck of war {drawn: 1}
 Y - a legendary deck of destruction {drawn: 4}
Comestibles
 c - 14 bread rations
 m - 18 beef jerkies
 s - 5 slices of pizza
 x - 20 fruits
 G - 3 meat rations


   Skills:
 + Level 11.3 Fighting
 - Level 15.2 Polearms
 + Level 9.0 Dodging
 * Level 8.0 Shields
 - Level 2.0 Spellcasting
 + Level 4.9 Hexes
 + Level 6.0 Charms
 - Level 5.0 Necromancy
 + Level 13.7 Evocations


You had 4 spell levels left. You knew the following spells: Your Spells Type Power Failure Level Hunger a - Infusion Chrm ###... 1% 1 #...... b - Song of Slaying Chrm ###..... 2% 2 ###.... c - Regeneration Chrm/Necr ###....... 10% 3 ###.... d - Spectral Weapon Hex/Chrm ###..... 10% 3 ###.... e - Apportation Tloc #......... 21% 1 #...... f - Repel Missiles Chrm/Air ##.... 12% 2 ###.... g - Blink Tloc N/A 34% 2 ###.... You were in an ice cave. You worshipped Nemelex Xobeh. Nemelex Xobeh was extremely pleased with you. You were not hungry. You visited 5 branches of the dungeon, and saw 26 of its levels. You also visited: Labyrinth and Ice Cave. You collected 3106 gold pieces. You spent 2236 gold pieces at shops. #..# ...## #...# ...# #.# #..# §.#≈## ..# ##≈≈#≈ #Z# #≈≈≈≈≈ ##@# #≈≈≈≈≈##.## ≈≈≈≈≈≈≈#.# ≈≈≈≈≈≈≈≈## ≈≈≈≈≈≈≈≈## #≈≈≈≈≈#≈≈# ###≈≈≈###≈## #.#### ##≈# ####...# ##.#

Notes
Turn   | Place    | Note
--------------------------------------------------------------
     0 | D:1      | ololoev the Draconian Skald began the quest for the Orb.
     0 | D:1      | Reached XP level 1. HP: 17/17 MP: 3/3
   153 | D:1      | Reached XP level 2. HP: 24/24 MP: 5/5
   157 | D:1      | Learned a level 2 spell: Song of Slaying
   193 | D:1      | Reached skill level 3 in Polearms
   773 | D:1      | Reached XP level 3. HP: 29/29 MP: 6/6
  1446 | D:2      | Reached skill level 4 in Polearms
  1471 | D:2      | Found a sacrificial altar of Ru.
  1721 | D:2      | Found a basalt altar of Yredelemnul.
  1991 | D:3      | Reached XP level 4. HP: 36/36 MP: 7/7
  2255 | D:3      | Reached skill level 5 in Polearms
  2277 | D:3      | Found a faded altar to an unknown god.
  2328 | D:3      | Found a shadowy altar of Dithmenos.
  3172 | D:4      | Noticed Eustachio
  3320 | D:4      | Noticed a phantom
  3357 | D:4      | Reached XP level 5. HP: 34/41 MP: 4/8
  3415 | D:4      | Killed a phantom
  3415 | D:4      | Reached skill level 6 in Polearms
  3767 | D:4      | Reached XP level 6. HP: 24/48 MP: 9/9
  4014 | D:3      | Killed Eustachio
  4014 | D:3      | Reached skill level 7 in Polearms
  4239 | D:4      | Found Teupli's Jewellery Boutique.
  4403 | D:4      | Found a blossoming altar of Fedhas.
  4435 | D:5      | Entered Level 5 of the Dungeon
  4474 | D:5      | Reached skill level 1 in Evocations
  4474 | D:5      | Your scales start taking on a lurid green colour.
  4474 | D:5      | Gained mutation: Your system is resistant to poisons. [Green Draconian growth]
  4474 | D:5      | Reached XP level 7. HP: 46/55 MP: 7/10
  4584 | D:5      | Learned a level 3 spell: Regeneration
  4588 | D:5      | Learned a level 3 spell: Spectral Weapon
  4841 | D:5      | Noticed a troll
  4869 | D:5      | Killed a troll
  4869 | D:5      | Reached skill level 8 in Polearms
  5131 | D:5      | Reached XP level 8. HP: 61/61 MP: 9/11
  5687 | D:6      | Reached skill level 9 in Polearms
  5687 | D:6      | Reached skill level 5 in Evocations
  5751 | D:6      | Gained mutation: Your magical capacity is low (-10% MP). [mutagenic meat]
  5752 | D:6      | Gained mutation: You expend magic power (3 MP) to strengthen your wands. [mutagenic meat]
  5753 | D:6      | Gained mutation: You are frail (-10% HP). [mutagenic meat]
  5754 | D:6      | Gained mutation: You are resistant to electric shocks. [mutagenic meat]
  5755 | D:6      | Gained mutation: You are weak. (Str -2) [mutagenic meat]
  6670 | D:7      | Found Ekygge Siach's Antique Armour Shop.
  6675 | D:7      | Bought a glowing cloak for 139 gold pieces
  6675 | D:7      | Bought a glowing hat for 124 gold pieces
  6696 | D:7      | Learned a level 1 spell: Apportation
  6743 | D:7      | Found Plog's Magic Scroll Boutique.
  6751 | D:7      | Bought 3 scrolls of identify for 66 gold pieces
  6751 | D:7      | Bought a scroll of identify for 22 gold pieces
  6751 | D:7      | Bought a scroll of identify for 22 gold pieces
  6751 | D:7      | Bought a scroll of identify for 22 gold pieces
  6845 | D:7      | Reached XP level 9. HP: 60/60 MP: 6/12
  6964 | D:7      | Reached skill level 10 in Polearms
  7027 | D:7      | Found a deep blue altar of Sif Muna.
  7035 | D:7      | Found Waphuid's Food Shoppe.
  7288 | D:7      | Found a staircase to the Ecumenical Temple.
  7365 | Temple   | Entered the Ecumenical Temple
  7483 | Temple   | Became a worshipper of Nemelex Xobeh the Trickster
  7765 | D:8      | Received a gift from Nemelex Xobeh
  7858 | D:8      | Found Gykhuj's Weapon Shoppe.
  7964 | D:8      | Found a shattered altar of Ashenzari.
  8405 | D:8      | Found a burning altar of Makhleb.
  8406 | D:8      | Found a shimmering altar of Xom.
  8559 | D:8      | Reached skill level 11 in Polearms
  8742 | D:9      | Found a staircase to the Lair.
  8744 | D:9      | Noticed a komodo dragon
  8885 | D:9      | Killed a komodo dragon
  8943 | D:9      | Found a staircase to the Orcish Mines.
  9027 | D:9      | Reached XP level 10. HP: 65/65 MP: 12/15
  9100 | D:9      | Received a gift from Nemelex Xobeh
  9137 | D:9      | Noticed Maurice
  9144 | D:9      | Killed Maurice
  9216 | D:9      | Noticed a hill giant
  9275 | D:9      | Killed a hill giant
  9806 | D:9      | Upgraded the game from 0.17-a0-1778-gd369669 to 0.17-a0-1793-gcbb3aa1
  9850 | D:10     | Entered Level 10 of the Dungeon
  9873 | D:10     | Reached skill level 12 in Polearms
 10034 | D:10     | Reached skill level 10 in Evocations
 10064 | D:10     | Learned a level 2 spell: Repel Missiles
 10076 | D:10     | Noticed a hill giant
 10076 | D:10     | Noticed a hill giant
 10136 | D:10     | Killed a hill giant
 10464 | D:10     | Killed a hill giant
 10797 | D:10     | Killed an unseen horror
 10842 | D:10     | Reached XP level 11. HP: 70/76 MP: 7/17
 10850 | D:10     | Learned a level 2 spell: Blink
 11075 | D:10     | Reached skill level 5 in Fighting
 11143 | D:10     | Received a gift from Nemelex Xobeh
 11597 | Orc:1    | Entered Level 1 of the Orcish Mines
 11721 | D:7      | Bought a scroll of teleportation for 33 gold pieces
 11721 | D:7      | Bought a scroll of brand weapon for 220 gold pieces
 11834 | Orc:1    | Received a gift from Nemelex Xobeh
 11920 | Orc:1    | Noticed Nergalle
 11998 | Orc:1    | Killed Nergalle
 12948 | Orc:2    | Acquired Nemelex Xobeh's first power
 12948 | Orc:2    | Received a gift from Nemelex Xobeh
 13955 | Orc:3    | Received a gift from Nemelex Xobeh
 14606 | Orc:4    | Entered Level 4 of the Orcish Mines
 14692 | Orc:4    | Reached skill level 13 in Polearms
 14692 | Orc:4    | Killed an orc high priest
 14692 | Orc:4    | Reached skill level 5 in Dodging
 14693 | Orc:4    | Reached XP level 12. HP: 21/90 MP: 14/18
 14736 | Orc:4    | Noticed an orc warlord
 14745 | Orc:4    | Acquired Nemelex Xobeh's second power
 14745 | Orc:4    | Received a gift from Nemelex Xobeh
 14841 | Orc:4    | Found a labyrinth entrance.
 14847 | Orc:4    | Found a staircase to the Elven Halls.
 14850 | Lab      | Entered a labyrinth
 15429 | Lab      | Noticed a minotaur
 15441 | Lab      | Killed a minotaur
 15470 | Lab      | Identified a +0 pair of boots of running (You found it in a labyrinth)
 15715 | Orc:4    | Noticed an orc high priest
 15729 | Orc:4    | Killed an orc high priest
 15740 | Orc:4    | Noticed an orc high priest
 15747 | Orc:4    | Killed an orc high priest
 15762 | Orc:4    | HP: 3/90 [orc sorcerer/bolt of negative energy (30)]
 16151 | Orc:4    | Killed an orc warlord
 16615 | Orc:4    | Reached skill level 14 in Polearms
 16656 | Orc:4    | Found Deses's Antique Armour Boutique.
 16657 | Orc:4    | Found Cukhloh's Antique Weapon Shop.
 16659 | Orc:4    | Found Bymicw's General Store.
 16659 | Orc:4    | Found Orru's Jewellery Boutique.
 16703 | Orc:4    | Bought a potion of lignification for 30 gold pieces
 16706 | Orc:4    | Gained mutation: You are resistant to hostile enchantments. [potion of mutation]
 16706 | Orc:4    | Gained mutation: Your body sometimes deteriorates upon taking damage. [potion of mutation]
 16706 | Orc:4    | Gained mutation: Your spells are a little harder to cast, but a little more powerful. [potion of mutation]
 16717 | Orc:4    | Bought a pair of glowing gloves for 135 gold pieces
 16974 | D:11     | Noticed a four-headed hydra
 16980 | D:11     | Killed a four-headed hydra
 17200 | D:11     | Received a gift from Nemelex Xobeh
 18047 | D:8      | Bought the +8 trident of Bloody Death {flame, MR+++ Int+3} for 1062 gold pieces
 18133 | Lair:1   | Entered Level 1 of the Lair of Beasts
 18185 | Lair:1   | Received a gift from Nemelex Xobeh
 18430 | Lair:1   | Acquired Nemelex Xobeh's third power
 18603 | Lair:1   | Received a gift from Nemelex Xobeh
 19086 | Lair:2   | Noticed Fannar
 19096 | Lair:2   | Killed Fannar
 19096 | Lair:2   | Reached XP level 13. HP: 99/99 MP: 13/19
 19192 | Lair:2   | Received a gift from Nemelex Xobeh
 19639 | Lair:2   | Received a gift from Nemelex Xobeh
 20074 | Lair:3   | Received a gift from Nemelex Xobeh
 20092 | Lair:3   | Noticed Sonja
 20098 | Lair:3   | Killed Sonja
 20111 | Lair:3   | Noticed Snorg
 20119 | Lair:3   | Killed Snorg
 20119 | Lair:3   | Reached skill level 15 in Polearms
 20982 | Lair:4   | Received a gift from Nemelex Xobeh
 21222 | Lair:4   | Found a staircase to the Shoals.
 21471 | Lair:4   | Received a gift from Nemelex Xobeh
 21713 | Lair:5   | Received a gift from Nemelex Xobeh
 21833 | Lair:5   | Reached skill level 1 in Shields
 21951 | Lair:5   | Received a gift from Nemelex Xobeh
 22237 | Lair:6   | Found a staircase to the Snake Pit.
 22367 | Lair:6   | Reached skill level 1 in Necromancy
 22384 | Lair:6   | Received a gift from Nemelex Xobeh
 22428 | Lair:6   | Reached skill level 1 in Hexes
 22491 | Lair:6   | Lost mutation: Your magical capacity is low (-10% MP). [helix card]
 22731 | Lair:6   | Received a gift from Nemelex Xobeh
 23731 | D:7      | Bought a scroll of identify for 22 gold pieces
 23731 | D:7      | Bought a scroll of magic mapping for 38 gold pieces
 23731 | D:7      | Bought a scroll of enchant armour for 82 gold pieces
 23731 | D:7      | Bought 3 scrolls of fear for 115 gold pieces
 23731 | D:7      | Bought a scroll of recharging for 104 gold pieces
 23732 | D:7      | Lost mutation: You are weak. (Str -2) [potion of cure mutation]
 23732 | D:7      | Lost mutation: You expend magic power (3 MP) to strengthen your wands. [potion of cure mutation]
 23732 | D:7      | Lost mutation: Your body sometimes deteriorates upon taking damage. [potion of cure mutation]
 23732 | D:7      | Lost mutation: You are resistant to hostile enchantments. [potion of cure mutation]
 24040 | Lair:7   | Reached skill level 10 in Fighting
 24057 | Lair:7   | Gained mutation: Your tail ends in a poisonous barb. [Green Draconian growth]
 24057 | Lair:7   | Reached XP level 14. HP: 108/108 MP: 23/23
 24292 | Lair:7   | Received a gift from Nemelex Xobeh
 24410 | Lair:7   | Noticed Maud
 24432 | Lair:7   | Killed Maud
 24466 | Lair:7   | Reached skill level 5 in Shields
 24657 | Lair:8   | Entered Level 8 of the Lair of Beasts
 24995 | Lair:8   | Found an opulent altar of Gozag.
 25297 | Lair:8   | Received a gift from Nemelex Xobeh
 25953 | Lair:8   | Found a staircase to the Slime Pits.
 26039 | Lair:8   | Lost mutation: You are frail (-10% HP). [potion of cure mutation]
 26039 | Lair:8   | Lost mutation: Your spells are a little harder to cast, but a little more powerful. [potion of cure mutation]
 26039 | Lair:8   | Lost mutation: You are resistant to electric shocks. [potion of cure mutation]
 26171 | Lair:8   | Received a gift from Nemelex Xobeh
 26348 | Lair:8   | Reached skill level 5 in Charms
 26766 | Snake:1  | Entered Level 1 of the Snake Pit
 26856 | Snake:1  | Noticed 4thArraOfDagon's ghost (powerful VSBe)
 26877 | Snake:1  | Killed 4thArraOfDagon's ghost
 26938 | Snake:1  | Reached skill level 5 in Necromancy
 26938 | Snake:1  | Reached XP level 15. HP: 122/128 MP: 25/25
 27690 | Snake:1  | Received a gift from Nemelex Xobeh
 28201 | Snake:2  | Found a frozen archway.
 28451 | IceCv    | Entered an ice cave
 29338 | IceCv    | Received a gift from Nemelex Xobeh
 29640 | IceCv    | Slain by an iron troll simulacrum

Dungeon Overview and Level Annotations

Branches:
Dungeon (11/15)            Temple (1/1) D:7            Lair (8/8) D:9
 Shoals (0/4) Lair:4        Snake (2/4) Lair:6        Slime (0/6) Lair:8
    Orc (4/4) D:9             Elf (0/3) Orc:4

Altars:
Ashenzari
Cheibriados
Dithmenos
Elyvilon
Fedhas
Gozag
Kikubaaqudgha
Makhleb
Nemelex Xobeh
Okawaru
Qazlal
Ru
Sif Muna
Trog
Vehumet
Xom
Yredelemnul
Zin
The Shining One

Shops:
D:4 =   D:7 ?[%   D:8 (   Orc:4 *[=(


Message History

You hit the ice devil but do no damage.
The ice devil is severely wounded.
The ice devil hits you but does no damage.
You hit the ice devil but do no damage.
The ice devil is severely wounded.
You closely miss the ice devil.
The ice devil is severely wounded.
The ice devil completely misses you.
You hit the ice devil. You burn the ice devil.
You tail-slap the ice devil, but do no damage.
The ice devil is severely wounded.
The ice devil hits you! The ice devil freezes you!!
You feel yourself slow down.
You puncture the ice devil! You burn the ice devil!
You kill the ice devil!
Your Charms skill increases to level 6!
You hit the iron troll simulacrum but do no damage.
You hit the iron troll simulacrum but do no damage.
You feel yourself speed up.
The iron troll simulacrum closely misses you.
The iron troll simulacrum completely misses you.
The iron troll simulacrum claws you but does no damage.
You hit the iron troll simulacrum but do no damage.
You tail-slap the iron troll simulacrum, but do no damage.
You hit the iron troll simulacrum but do no damage.
You tail-slap the iron troll simulacrum, but do no damage.
You hit the iron troll simulacrum but do no damage.
The iron troll simulacrum completely misses you.
The iron troll simulacrum barely misses you.
The iron troll simulacrum completely misses you.
You hit the iron troll simulacrum.
You melt the iron troll simulacrum.
You puncture the iron troll simulacrum!
You melt the iron troll simulacrum.
You tail-slap the iron troll simulacrum.
You hit the iron troll simulacrum.
You melt the iron troll simulacrum.
The iron troll simulacrum bites you! The iron troll simulacrum freezes you!!
You feel yourself slow down. The iron troll simulacrum claws you.
The iron troll simulacrum freezes you!!!
The iron troll simulacrum claws you!
You die...
Your body glows with a rainbow of weird colours and disappears.

You could see an iron troll simulacrum.

Vanquished Creatures
  Maud (Lair:7)
  A minotaur (Lab)
  The ghost of 4thArraOfDagon the Cleaver, a powerful VSBe of Trog (Snake:1)
  Fannar (Lair:2)
  4 hydras
  A naga warrior (Snake:1)
  6 death yaks
  3 anacondas (Snake:1)
  An orc high priest (Orc:4)
  Sonja (Lair:3)
  Nergalle (Orc:1)
  A fire crab (Snake:2)
  3 skeletal warriors (D:11)
  2 ice devils (IceCv)
  An unseen horror (D:10)
  An ice statue (IceCv)
  A shambling mangrove (Lair:6)
  4 orc knights
  3 mana vipers
  2 hornets (Lair:8)
  A salamander (Snake:1)
  3 orc sorcerers
  3 hill giants
  A wolf spider (Lair:8)
  2 elephants (Lair:6)
  2 manticores (D:11)
  A moth of wrath (Snake:2)
  An octopode (Lair:8)
  Maurice (D:9)
  3 naga magi (Snake:1)
  15 black mambas
  An eye of devastation (Lair:8)
  13 spiny frogs
  3 komodo dragons
  3 anaconda simulacra (IceCv)
  A jumping spider (Orc:4)
  3 trolls
  2 fire drakes
  A queen bee (Lair:8)
  8 polar bears (Lair:8)
  10 blink frogs
  2 raiju (Lair:8)
  3 boulder beetles
  4 two-headed ogres
  A dire elephant simulacrum (IceCv)
  A wraith (D:10)
  A trapdoor spider (D:10)
  2 spriggans
  A shadow (D:11)
  43 yaks
  2 deep elf magi
  2 fire bats
  4 hungry ghosts (Lab)
  Eustachio (D:3)
  2 basilisks
  4 vampire mosquitoes (D:10)
  2 death yak simulacra (IceCv)
  5 hippogriffs
  2 steam dragons
  9 wargs
  2 hydra simulacra (IceCv)
  2 soldier ants
  3 harpy simulacra (IceCv)
  13 nagas
  11 porcupines
  27 wolves
  2 iron troll simulacra (IceCv)
  2 hell hounds (Lair:8)
  8 spiders
  5 wasps
  A tengu (Snake:2)
  2 eyes of draining
  14 water moccasins
  2 sky beasts
  17 black bears
  9 ice beasts
  25 orc warriors
  2 phantoms
  14 crocodiles
  10 ogres
  A necrophage (D:9)
  5 big kobolds
  6 centaurs
  2 wyvern zombies
  8 giant frogs
  A water moccasin skeleton (D:8)
  A gnoll sergeant (D:5)
  4 scorpions
  A swamp dragon simulacrum (IceCv)
  9 wights (D:11)
  A killer bee (Orc:4)
  5 crimson imps
  An elephant simulacrum (IceCv)
  20 orc wizards
  2 quasits
  A centaur zombie (D:7)
  3 giant frog zombies
  2 centaur skeletons
  A draconian simulacrum (IceCv)
  23 orc priests
  4 giant frog skeletons
  20 hounds
  3 jellies
  2 hell rats (Lair:4)
  8 worker ants
  7 troll simulacra (IceCv)
  8 iguanas
  14 sheep
  2 centaur simulacra (IceCv)
  A hound zombie (D:11)
  A hound skeleton (D:5)
  9 adders
  2 ogre simulacra (IceCv)
  A shadow imp (D:5)
  11 gnolls
  20 river rats
  3 naga simulacra (IceCv)
  5 white imps (IceCv)
  8 ufetubi (IceCv)
  4 oozes
  An adder skeleton (D:8)
  2 adder zombies
  2 worms
  10 giant geckos
  162 orcs
  2 ball pythons
  5 bats
  4 giant cockroaches
  17 goblins
  9 hobgoblins
  13 jackals
  18 kobolds
  5 quokkas
  A giant gecko skeleton (D:5)
  9 giant newts
  2 quokka skeletons
  8 rats
  2 bushes (Lair:7)
  10 fungi
  18 plants
909 creatures vanquished.

Vanquished Creatures (collateral kills)
  An orc warlord (Orc:4)
  Snorg (Lair:3)
  An ice dragon (Lair:7)
  A hydra (Lair:8)
  A naga warrior (Snake:1)
  An anaconda (Snake:1)
  A death yak (Lair:6)
  2 orc high priests (Orc:4)
  A shock serpent (Snake:1)
  An orc sorcerer (Orc:4)
  A griffon (Lair:8)
  2 elephants (Lair:6)
  A black mamba (Lair:1)
  2 spiny frogs
  A golden dragon simulacrum (IceCv)
  A blink frog (Lair:6)
  6 yaks (Lair:8)
  2 wargs
  A hell hound (Lair:8)
  A water moccasin (Lair:8)
  A porcupine (Lair:6)
  2 spiders (Lair:8)
  An orc warrior (D:9)
  2 crocodiles (Lair:8)
  An ogre (Orc:3)
  A jelly (Lair:6)
  4 orc priests (Orc:4)
  4 orc wizards
  A worker ant (Lair:8)
  5 sheep (Lair:8)
  An adder (Lair:8)
  A gnoll (Lair:8)
  A white imp (IceCv)
  6 orcs
  2 jackals (Lair:8)
62 creatures vanquished.

Vanquished Creatures (others)
  A naga mage (Snake:1)
  A water moccasin (Lair:8)
  A sky beast (Orc:3)
  A spider (Lair:8)
  A sheep (Orc:4)
  A white imp (IceCv)
  36 fungi
  42 plants
  A spectral weapon (Snake:1)
85 creatures vanquished.

Grand Total: 1056 creatures vanquished

Action                   |  1- 3 |  4- 6 |  7- 9 | 10-12 | 13-15 || total
-------------------------+-------+-------+-------+-------+-------++-------
Melee: Spear             |   182 |   185 |   450 |   502 |       ||  1319
       Trident           |       |       |       |   652 |  1314 ||  1966
 Cast: Song of Slaying   |     3 |     4 |    11 |    19 |     5 ||    42
       Infusion          |     2 |     9 |    33 |    14 |       ||    58
       Repel Missiles    |       |       |       |     3 |       ||     3
       Blink             |       |       |       |     4 |       ||     4
       Regeneration      |       |       |       |       |     7 ||     7
       Spectral Weapon   |       |       |       |       |     2 ||     2
Invok: Stack Five        |       |       |       |     1 |     5 ||     6
       Triple Draw       |       |       |       |     1 |       ||     1
 Abil: Evoke Teleportati |       |     1 |       |       |       ||     1
       Breathe Noxious F |       |       |    26 |    51 |    14 ||    91
       Stop Singing      |       |       |       |     1 |       ||     1
Evoke: Wand              |       |       |     2 |    14 |     5 ||    21
       Deck              |       |       |       |    66 |   110 ||   176
  Use: Scroll            |     5 |    11 |     9 |    15 |    15 ||    55
       Potion            |       |       |       |     8 |     5 ||    13
 Stab: Sleeping          |       |     2 |     3 |     3 |     2 ||    10
       Confused          |       |       |    21 |    62 |    14 ||    97
       Distracted        |       |       |       |     1 |     6 ||     7
       Invisible         |       |       |       |       |     3 ||     3
       Paralysed         |       |       |       |       |     3 ||     3
  Eat: Chunk             |     4 |     5 |    19 |    30 |    21 ||    79
       Meat ration       |       |     1 |     1 |     4 |       ||     6
       Fruit             |       |       |     1 |       |    12 ||    13
       Royal jelly       |       |       |       |     1 |     1 ||     2
       Beef jerky        |       |       |       |       |     3 ||     3

Vault maps used:
D:1:      dpeg_arrival_simpleton_c, lemuel_flame_loot_1
D:2:      nicolae_ru_awakened_eye, lemuel_doored_altar
D:3:      nicolae_dithmenos_through_a_glass_darkly, ecumenical_altar_1,
          first_bread
D:4:      serial_shops, nicolae_shop_temple_entry_statues_fountains,
          fedhas_altar_4, uniq_eustachio
D:7:      overflow_temple_1_default, minmay_temple_entry_enclosed_plants,
          serial_shops, shop, shop, kennysheep_little_box
D:8:      grunt_temple_overflow_champion_of_chaos, nicolae_ashenzari_panopticon,
          serial_shops, nicolae_shop_stone, blue_anna_alchemist
D:9:      david_lair_shrubbed, orc_0_dummy, uniq_maurice
D:11:     uniq_psyche
Temple:   dpeg_five_rooms_temple_12
Lair:1:   eino_small_chamber_without_monster, minivault_24
Lair:2:   minivault_19, uniq_fannar
Lair:3:   serial_bayou_pond_e, grunt_forest_large_clearing_hut,
          infiniplex_staircase_pool_2, uniq_snorg, uniq_sonja
Lair:4:   kennysheep_rathole, minmay_shoals_entry_centaurs
Lair:6:   guppyfry_snake_entry_garden, beast_lair_carwin_3
Lair:7:   uniq_maud
Lair:8:   hangedman_lair_tendril_chambers, hangedman_lair_caniforms_friends,
          minmay_slime_entry_eyes, basic_altar, serial_bayou_shore_b
Snake:2:  portal_ice_cave_entry_ice_beasts
Orc:1:    uniq_nergalle
Orc:2:    nicolae_orc_bridge_out
Orc:3:    nicolae_orc_pool_cavern, mines_bat_river
Orc:4:    st_orc_congregation, lab_entry_generic
Lab:      labyrinth_green, nicolae_lab_t_cross, labyrinth_glass_1
IceCv:    ice_cave_caverns_02
